 Dungeon Crawl Stone Soup version 0.30-a0-591-g3c58d2bc28 (webtiles) character file.

Game seed: 826333673371056113

3787 wormed the Transmogrifier (level 10, -1/79 HPs)
             Began as an Octopode Transmuter on Jan 6, 2023.
             Slain by an orc warrior
             ... wielding a +0 battleaxe
              (18 damage)
             ... on level 7 of the Dungeon.
             The game lasted 00:11:17 (7904 turns).

wormed the Transmogrifier (Octopode Transmuter)     Turns: 7904, Time: 00:11:18

Health: -1/79      AC:  8    Str:  9    XL:     10   Next: 16%
Magic:  14/17      EV: 11    Int: 21    God:
Gold:   303        SH:  0    Dex: 12    Spells: 13/19 levels left

rFire   x . .      SeeInvis +      - Unarmed
rCold   + + +      Faith    .    (shield currently unavailable)
rNeg    + . .      Spirit   .    (helmet currently unavailable)
rPois   +          Reflect  .    (no amulet)
rElec   .          Harm     .    p - ring of positive energy
rCorr   .          Rampage  .    y - ring of see invisible
Will    .....                    (no ring)
Stlth   +                        (no ring)
HPRegen 0.33/turn                (no ring)
MPRegen 0.15/turn                (no ring)
                                 (no ring)
                                 (no ring)

@: ice-form
A: freezing attack, boosted hp, almost no armour, amphibious, 8 rings, large,
(camouflage 1), (gelatinous body 1), (nimble swimmer 1), (tentacles)
a: End Transformation


You were on level 7 of the Dungeon.
You were a creature of crystalline ice.
You visited 2 branches of the dungeon, and saw 8 of its levels.

You collected 303 gold pieces.

Inventory:

Missiles
 c - 18 poisoned darts
Magical Staves
 D - a staff of air (melded)
Jewellery
 l - a ring of ice
 p - a ring of positive energy (left front paw)
 y - a ring of see invisible (right front paw)
Wands
 w - a wand of flame (30) (quivered)
 C - a wand of quicksilver (1)
Scrolls
 d - 2 scrolls of poison
 g - 2 scrolls of brand weapon
 m - 3 scrolls of magic mapping
 o - a scroll of enchant weapon
 r - a scroll of teleportation
 t - a scroll of identify
Potions
 a - a potion of lignification
 b - 3 potions of attraction {unknown}
 e - a potion of ambrosia {unknown}
 f - a potion of resistance {unknown}
 h - a potion of heal wounds {unknown}
 j - 4 potions of degeneration {unknown}
 k - 2 potions of flight {unknown}
 n - 4 potions of invisibility {unknown}
 q - 4 potions of mutation {unknown}
 z - 2 potions of brilliance {unknown}
 A - a potion of berserk rage {unknown}
 B - a potion of haste {unknown}


   Skills:
 + Level 5.4 Fighting
 + Level 5.8 Dodging
 + Level 6.1 Unarmed Combat
 + Level 5.2 Spellcasting
 * Level 8.1 Transmutations
 - Level 5.0 Ice Magic


You had 13 spell levels left.
You knew the following spells:

 Your Spells              Type           Power      Damage    Failure   Level
a - Ice Form              Ice/Tmut       33%        N/A       7%          4
b - Wereblood             Tmut           39%        N/A       1%          2

Your spell library contained the following spells:

 Spells                   Type           Power      Damage    Failure   Level
 Beastly Appendage        Tmut           78%        N/A       1%          1
 Spider Form              Tmut/Pois      22%        N/A       6%          3
 Summon Small Mammal      Summ           20%        N/A       11%         1
 Cigotuvi's Dreadful Rot  Necr/Pois/Air  10%        N/A       16%         2
 Call Canine Familiar     Summ           5%         N/A       32%         3
 Dazzling Flash           Conj/Hex       10%        N/A       32%         3
 Gell's Gravitas          Tloc           5%         N/A       32%         3
 Summon Guardian Golem    Hex/Summ       5%         N/A       32%         3
 Teleport Other           Tloc           5%         N/A       32%         3
 Dispel Undead            Necr           5%         3d7       71%         4
 Iskenderun's Mystic Bla  Conj/Tloc      5%         2d3       71%         4
 Death Channel            Necr           2%         N/A       100%        6
 Dispersal                Tloc           2%         N/A       100%        6
 Starburst                Conj/Fire      2%         6d3       100%        6
 Chain Lightning          Conj/Air       2%         3d3       100%        9
 Fire Storm               Conj/Fire      2%         8d1       100%        9
 Shatter                  Erth           2%         3d6*      100%        9


Dungeon Overview and Level Annotations

Branches:
Dungeon (7/15)             Temple (1/1) D:6

Altars:
Ashenzari
Cheibriados
Dithmenos
Elyvilon
Fedhas
Makhleb
Nemelex Xobeh
Ru
Sif Muna
Uskayaw
Vehumet
Wu Jian

Shops:
D:2 *   D:6 [=


Innate Abilities, Weirdness & Mutations

You are a creature of crystalline ice.
You have a powerful freezing melee attack.
Your maximum health is increased.
Your armour is entirely melded.
You are incapable of wielding weapons or throwing items.
You cannot wear most types of armour.
You are amphibious.
You can wear up to eight rings at the same time.
((Your skin changes colour to match your surroundings (Stealth+).))
((Your rubbery body absorbs attacks. (AC +1, EV +1)))
((You are camouflaged when in or above water. (Stealth+)))
((You have tentacles for arms and can constrict up to eight enemies at once.))


Message History

The orc warrior shouts!
The orc wizard shouts!
There are monsters nearby!
There are monsters nearby!
Casting: Wereblood (safe; 1% risk of failure)
Confirm with . or Enter, or press ? or * to list all spells.
You miscast Ice Form.
You are very lightly contaminated with residual magic.
Nothing appears to happen.
You barely miss the orc warrior. The orc wizard barely misses you.
The orc warrior hits you with a +0 battleaxe.
You punch the orc warrior! You freeze the orc warrior.
The orc warrior is heavily wounded.
The orc wizard barely misses you.
The orc warrior hits you with a +0 battleaxe!!
You barely miss the orc wizard. The orc wizard barely misses you.
The orc warrior hits you with a +0 battleaxe.
You hit the orc wizard. You freeze the orc wizard.
The orc wizard is heavily wounded.
You punch the orc wizard! You freeze the orc wizard.
You kill the orc wizard!
The orc warrior misses you.
You punch the orc! You freeze the orc.
You kill the orc!
The orc warrior misses you.
You hit the orc warrior but do no damage.
The orc warrior is heavily wounded.
The orc warrior hits you with a +0 battleaxe.
Your magical contamination has completely faded away.
You hit the orc warrior. You freeze the orc warrior.
The orc warrior is severely wounded.
The orc warrior hits you with a +0 battleaxe!!
* * * LOW HITPOINT WARNING * * *
You hit the orc warrior but do no damage.
The orc warrior is severely wounded.
The orc warrior hits you with a +0 battleaxe!
* * * LOW HITPOINT WARNING * * *
You barely miss the orc warrior.
The orc warrior is severely wounded.
The orc warrior hits you with a +0 battleaxe!!
You die...

#~♣..~♣♣ #♣~...~~♣♣
###### #~♣♣~~~...~P♣♣
.....# ♣~~~~~~...~P~♣
.....# ♣~~~~~.~..P~P♣
.....# ♣~~~~~~..~~P~♣
.....#
♣♣~≈P~~~..~~~♣♣##o....#
♣~~~~~~...~~~♣♣.Y)..#
~~≈≈≈~~....PP♣.######
#P~≈≈~~~..~P♣♣.#
##~~≈~†~...~♣#.#
..~~~~~~...♣...#
.#♣~~~~~...###.#
..♣♣~~~♣...#.....
...♣~~~♣.........#
...~~~~†.###.#.....


You could see an orc warrior.

Vanquished Creatures
  A shadow (D:7)
  A wyvern (D:7)
  8 yaks
  A water moccasin (D:6)
  2 ice beasts
  2 black bears (D:4)
  2 orc warriors
  2 ogres
  2 phantoms
  2 bullfrogs
  2 necrophages
  5 scorpions
  A wight (D:5)
  2 killer bees
  2 electric eels (D:7)
  3 hounds
  A jelly (D:4)
  3 iguanas
  5 orc wizards
  4 gnolls (D:4)
  6 adders
  A shadow imp (D:5)
  2 ufetubi (D:5)
  A dart slug (D:1)
  3 worms
  23 orcs
  5 endoplasms
  3 giant cockroaches
  6 goblins
  5 hobgoblins
  A jackal (D:4)
  9 kobolds
  9 quokkas
  9 ball pythons
  5 bats
  3 frilled lizards
  3 rats
145 creatures vanquished.

Vanquished Creatures (others)
  A plant (D:7)
1 creature vanquished.

Grand Total: 146 creatures vanquished

Notes
Turn   | Place    | Note
-------+----------+-------------------------------------------
     0 | D:1      | wormed the Octopode Transmuter began the quest for the Orb.
     0 | D:1      | Reached XP level 1. HP: 13/13 MP: 3/3
   214 | D:1      | Reached XP level 2. HP: 15/18 MP: 5/5
   893 | D:2      | Reached XP level 3. HP: 23/23 MP: 6/6
   913 | D:2      | Learned a level 2 spell: Wereblood
  1243 | D:2      | Found a faded altar of an unknown god.
  1264 | D:2      | Found Xourany's Assorted Antiques.
  1265 | D:2      | You fall into a shaft and drop 2 floors!
  1439 | D:3      | Reached skill level 1 in Ice Magic
  1764 | D:2      | Reached XP level 4. HP: 28/28 MP: 3/7
  1819 | D:2      | Learned a level 4 spell: Ice Form
  1927 | D:3      | Reached skill level 3 in Transmutations
  2528 | D:4      | Reached XP level 5. HP: 26/34 MP: 4/8
  2809 | D:4      | Noticed a black bear
  2817 | D:4      | Reached XP level 6. HP: 34/39 MP: 6/9
  2824 | D:4      | Killed a black bear
  2825 | D:4      | Reached skill level 4 in Transmutations
  3501 | D:4      | Reached XP level 7. HP: 45/45 MP: 3/11
  3604 | D:4      | Reached skill level 5 in Transmutations
  3802 | D:5      | Entered Level 5 of the Dungeon
  4245 | D:5      | Reached XP level 8. HP: 39/52 MP: 7/13
  4319 | D:5      | Noticed a +0 falchion
  4319 | D:5      | Noticed a +0 short sword
  4320 | D:5      | Noticed a +0 dagger
  4320 | D:5      | Noticed a +0 falchion
  4320 | D:5      | Noticed a +0 dagger
  4321 | D:5      | Noticed a +0 spear
  4321 | D:5      | Noticed a +0 short sword
  4321 | D:5      | Noticed a +0 spear
  4651 | D:5      | Noticed a yak
  4651 | D:5      | Noticed a yak
  4771 | D:5      | Noticed a yak
  4786 | D:5      | Killed a yak
  4786 | D:5      | Noticed a yak
  4787 | D:5      | Reached skill level 6 in Transmutations
  4791 | D:5      | Killed a yak
  4795 | D:5      | Killed a yak
  4796 | D:5      | Reached skill level 5 in Unarmed Combat
  4796 | D:5      | Reached XP level 9. HP: 27/58 MP: 12/15
  5064 | D:5      | Found a snail-covered altar of Cheibriados.
  5136 | D:5      | Found a hide-covered altar of Uskayaw.
  5259 | D:6      | Found Feudinn's Armour Emporium.
  5765 | D:6      | Reached skill level 5 in Dodging
  5824 | D:6      | Reached skill level 7 in Transmutations
  6053 | D:6      | Found an ornate altar of the Wu Jian Council.
  6259 | D:6      | Found Foinaosh's Jewellery Shoppe.
  6323 | D:6      | Found a staircase to the Ecumenical Temple.
  6573 | Temple   | Entered the Ecumenical Temple
  7239 | D:7      | Reached skill level 5 in Fighting
  7492 | D:7      | Reached skill level 5 in Spellcasting
  7492 | D:7      | Reached XP level 10. HP: 43/66 MP: 12/17
  7616 | D:7      | Reached skill level 5 in Ice Magic
  7697 | D:7      | Reached skill level 8 in Transmutations
  7904 | D:7      | Slain by an orc warrior

Illustrated notes

Levels and vault maps discovered:
D:1:      dpeg_arrival_erosion, layout_loops_ring, hangedman_glass_teeth,
          minmay_tripent
D:2:      layout_basic, hellmonk_ecumenical_altar_crossroads, serial_shops,
          nicolae_shop_advertising_works [nicolae_subvault_shop_adworks],
          st_stairs_7, serial_park_tiny_1
D:3:      layout_basic, minivault_26
D:4:      minmay_clustersquares, layout_rooms
D:5:      minmay_inner_zag, layout_basic, slow_altar_2,
          nicolae_uskayaw_en_pointe
D:6:      layout_gridville, mainiacjoe_overflow_brackets, temple_green,
          serial_shops, nicolae_shop_temple_entry_statues_fountains, shop
D:7:      layout_loops_cross, serial_bayou_ford_a, uniq_pikel
Temple:   compressed_dpeg_triangle_lava_temple

Skill      XL: |  1  2  3  4  5  6  7  8  9 10 |
---------------+-------------------------------+-----
Ice Magic      | 1 2 3 4 5 |  5.0
Transmutations | 3 4 5 6 7 8 |  8.1
Fighting       | 2 3 4 5 |  5.4
Dodging        | 3 4 5 |  5.8
Spellcasting   | 3 4 5 |  5.2
Unarmed Combat | 4 5 6 |  6.1

Action                   |  1- 3 |  4- 6 |  7- 9 | 10-12 || total
-------------------------+-------+-------+-------+-------++-------
Melee: Unarmed           |    74 |    90 |   256 |    22 ||   442
       Kick              |    23 |    21 |       |       ||    44
       Constrict         |    21 |    12 |     2 |       ||    35
       Tentacles         |     8 |     9 |     1 |       ||    18
       Punch             |     1 |     4 |       |       ||     5
       Staff             |       |       |     1 |       ||     1
 Cast: Beastly Appendage |    25 |    13 |       |       ||    38
       Wereblood         |    11 |    11 |    16 |     3 ||    41
       Ice Form          |       |     4 |    25 |     3 ||    32
Evoke: Wand              |       |       |       |     3 ||     3
  Use: Potion            |       |     2 |       |       ||     2
       Scroll            |       |       |    13 |       ||    13
 Stab: Sleeping          |     2 |     1 |       |       ||     3
Armor: Skin              |     2 |    30 |    50 |     5 ||    87
Dodge: Dodged            |    40 |    45 |   125 |    11 ||   221

Table legend: (Time is in decaauts)
 A = Elapsed time spent in this place.
 B = Non-inter-level travel time spent in this place.
 C = Inter-level travel time spent in this place.
 D = Time resting spent in this place.
 E = Time spent auto-exploring this place.
 F = Levels seen in this place.
 G = Mean time per level.
                   A        B        C        D        E       F      G
               +--------+--------+--------+--------+--------+-----+--------+
         Total |   7870 |   7529 |    341 |    458 |   5879 |   8 |  983.8 |
       Dungeon |   7538 |   7211 |    327 |    458 |   5569 |   7 | 1076.9 |
        Temple |    331 |    317 |     14 |      0 |    310 |   1 |  331.0 |
               +--------+--------+--------+--------+--------+-----+--------+

Top non-repeatable levels by time:
     D:5: 1716 daAuts
     D:4: 1469 daAuts
     D:6: 1356 daAuts
     D:1: 859 daAuts
     D:3: 759 daAuts
     D:2: 701 daAuts
     D:7: 676 daAuts
  Temple: 331 daAuts
